 Dungeon Crawl Stone Soup version 0.26.1-11-gd32895ea62 (webtiles) character file.

Game seed: 7601049123187277139

422 Zeld the Chucker (level 6, -2/39 HPs)
             Began as an Octopode Brigand on May 13, 2021.
             Killed from afar by a white imp (8 damage)
             ... with a puff of frost
             ... on level 4 of the Dungeon.
             The game lasted 00:04:21 (3950 turns).

Zeld the Chucker (Octopode Brigand)                 Turns: 3950, Time: 00:04:22

Health: -2/39      AC:  1    Str: 13    XL:     6   Next: 95%
Magic:  6/6        EV: 13    Int: 13    God:
Gold:   103        SH:  0    Dex: 13    Spells: 5/5 levels left

rFire    . . .     SeeInvis .   a - +2 dagger
rCold    . . .     Faith    .   (no shield)
rNeg     . . .     Spirit   .   (helmet restricted)
rPois    .         Reflect  .   (no amulet)
rElec    .         Harm     .   (no ring)
rCorr    .         Rampage  .   (no ring)
Will     .....                  (no ring)
Stlth    ++++......             (no ring)
HPRegen  0.13/turn              (no ring)
MPRegen  0.10/turn              (no ring)
                                (no ring)
                                (no ring)

@: no status effects
A: almost no armour, stealthy swim, amphibious, 8 rings, constrict 8, camouflage
1, gelatinous body 1
a: no special abilities


You were on level 4 of the Dungeon.
You visited 1 branch of the dungeon, and saw 4 of its levels.

You collected 103 gold pieces.

Inventory:

Hand Weapons
 a - a +2 dagger (weapon)
Missiles
 b - 8 poisoned darts (quivered)
 c - 2 curare-tipped darts
 q - 3 atropa-tipped darts
Jewellery
 j - an uncursed amulet of magic regeneration {unknown}
 l - an uncursed amulet of regeneration {unknown}
Scrolls
 e - 3 scrolls of identify {unknown}
 f - a scroll of blinking {unknown}
 h - 2 scrolls of teleportation {unknown}
 i - 3 scrolls of magic mapping {unknown}
 m - a scroll of enchant weapon {unknown}
 r - a scroll of enchant armour {unknown}
 s - 2 scrolls of remove curse {unknown}
Potions
 d - 3 potions of curing {unknown}
 g - a potion of attraction {unknown}
 k - 2 potions of invisibility {unknown}
 n - 2 potions of haste {unknown}
 o - a potion of mutation {unknown}
 p - a potion of ambrosia {unknown}


   Skills:
 - Level 2.0 Fighting
 * Level 4.3 Short Blades
 - Level 6.0 Throwing
 - Level 1.0 Dodging
 - Level 5.3 Stealth


You had 5 spell levels left.
You didn't know any spells.
Your spell library was empty.

Dungeon Overview and Level Annotations

Branches:
Dungeon (4/15)
 Temple: D:4-7

Altars:
Ashenzari
Cheibriados
Dithmenos
Elyvilon
Hepliaklqana
Nemelex Xobeh
Qazlal


Innate Abilities, Weirdness & Mutations

You cannot wear most types of armour.
You are very stealthy in the water. (Stealth+)
You are amphibious.
You can wear up to eight rings at the same time.
You can use your tentacles to constrict eight enemies at once.
Your skin changes colour to match your surroundings (Stealth+).
Your rubbery body absorbs attacks. (AC +1, EV +1)


Message History

The puff of frost hits you!
You are too injured to fight recklessly!
Things that are here:
a +0 club; a +0 leather armour; an orc corpse You are too injured to fight recklessly!
The white imp lashes its tail.
You are too injured to fight recklessly!
You are too injured to fight recklessly!
You hit the white imp but do no damage. You grab the white imp.
You constrict the white imp. The white imp gestures at you.
The puff of frost hits you!
* * * LOW HITPOINT WARNING * * *
You hit the white imp.
You squeeze the white imp, but do no damage.
The white imp is moderately wounded.
You constrict the white imp. The white imp gestures at you.
The puff of frost hits you!
You die...

#... #####...
###.......
###.....#...
###.....###...
#....##..###.. ####
##.#..##⌠.⌠##.#
#...###....##.._.....
#.>5@)[..####.⌠.⌠..)#
#....)...####...###.#
#.^.............####..
......#.##.########
#... ......#.##.#
#...# #.##.##.##[#
#..... . .. ..##..
#....## #.. ....#.
#....# .....


You could see a white imp.

Vanquished Creatures
  Sigmund (D:2)
  A scorpion (D:4)
  2 iguanas (D:4)
  5 adders
  3 oozes
  An adder skeleton (D:4)
  A worm (D:2)
  2 leopard geckos
  12 orcs
  11 bats
  5 giant cockroaches
  5 goblins
  10 hobgoblins
  3 jackals (D:1)
  5 kobolds
  A quokka (D:3)
  3 ball pythons
  5 frilled lizards
  11 rats
87 creatures vanquished.

Notes
Turn   | Place    | Note
-------+----------+-------------------------------------------
     0 | D:1      | Zeld the Octopode Brigand began the quest for the Orb.
     0 | D:1      | Reached XP level 1. HP: 14/14 MP: 1/1
   138 | D:1      | Reached XP level 2. HP: 19/19 MP: 2/2
   145 | D:1      | Reached skill level 3 in Throwing
   393 | D:1      | Reached XP level 3. HP: 24/24 MP: 3/3
  1242 | D:2      | Reached skill level 4 in Throwing
  1401 | D:2      | Noticed Sigmund
  1404 | D:2      | Killed Sigmund
  1405 | D:2      | Reached skill level 6 in Throwing
  1405 | D:2      | Reached XP level 4. HP: 29/29 MP: 4/4
  1405 | D:2      | Reached XP level 5. HP: 34/34 MP: 5/5
  1502 | D:2      | Found a snail-covered altar of Cheibriados.
  1540 | D:2      | Reached XP level 6. HP: 38/39 MP: 6/6
  1557 | D:2      | Found a white marble altar of Elyvilon.
  1569 | D:2      | Found a broken altar of Ashenzari.
  1791 | D:2      | Found a stormy altar of Qazlal.
  2101 | D:3      | Found a hazy altar of Hepliaklqana.
  2943 | D:3      | Found a shadowy altar of Dithmenos.
  3914 | D:4      | Found a sparkling altar of Nemelex Xobeh.
  3950 | D:4      | Killed from afar by a white imp

Illustrated notes

Levels and vault maps discovered:
D:1:      evilmike_arrival_rings, layout_basic
D:2:      layout_loops_corners, nicolae_qazlal_eye_of_the_storm,
          overflow_temple_1_default, grunt_temple_overflow_open,
          chequers_mini_garden, uniq_sigmund
D:3:      layout_basic, lemuel_round_altar, grunt_dithmenos_smoke_and_mirrors,
          wad_orctagon
D:4:      layout_rooms, tgw_xom, zin_angel, nemelex_xobeh_ov_fountains_minmay,
          temple_fountains, minmay_shop_enchanted_jewellery,
          minmay_hollow_rounded_squares

Skill      XL: |  1  2  3  4  5  6 |
---------------+-------------------+-----
Throwing       | 3 6 |  6.0
Short Blades   | 4 |  4.3
Fighting       | |  2.0
Dodging        | |  1.0
Stealth        | |  5.3

Action                   |  1- 3 |  4- 6 || total
-------------------------+-------+-------++-------
Melee: Dagger            |    79 |   101 ||   180
       Constrict         |    21 |    20 ||    41
       Tentacles         |     8 |    22 ||    30
 Stab: Sleeping          |    14 |    15 ||    29
Armor: Skin              |     8 |     3 ||    11
Dodge: Dodged            |    59 |    46 ||   105
